 Dungeon Sprint DCSS version 0.29-a0-207-gf982a884d8 (webtiles) character file.

Game seed: 2408541976971479857

2746 tatocazan the Spear-Bearer (level 9, -3/81 HPs)
             Began as a Demonspawn Fighter on Feb 23, 2022.
             Was a Priest of Makhleb.
             Slain by a four-headed hydra (11 damage)
             ... in the Dungeon (Sprint IX: "|||||||||||||||||||||||||||||").
             The game lasted 00:02:25 (996 turns).

tatocazan the Spear-Bearer (Demonspawn Fighter)      Turns: 996, Time: 00:02:25

Health: -3/81      AC: 18    Str: 20    XL:     9   Next: 41%
Magic:  17/17      EV:  6    Int: 10    God:    Makhleb [***...]
Gold:   4          SH:  0    Dex: 16    Spells: 8/8 levels left

rFire   . . .      SeeInvis .   m - +2 halberd (flame)
rCold   . . .      Faith    .   (shield currently unavailable)
rNeg    . . .      Spirit   .   p - +0 plate armour
rPois   .          Reflect  .   q - +0 helmet
rElec   .          Harm     .   (no cloak)
rCorr   .          Rampage  .   (no gloves)
Will    .....      NoTele   +   (no boots)
Stlth   ..........              (no amulet)
HPRegen 0.23/turn               r - +2 ring of protection
MPRegen 0.30/turn               s - +3 ring of dexterity

@: mighty
A: claws 1, rugged brown scales 1, demonic guardian 1, magic regeneration
a: Renounce Religion, Minor Destruction, Lesser Servant of Makhleb


You were in the Dungeon.
You worshipped Makhleb.
Makhleb was most pleased with you.
You visited 1 branch You collected 4 gold pieces.

Inventory:

Hand Weapons
 a - a +0 trident
 m - a +2 halberd of flaming (weapon)
 n - a +4 quarterstaff of speed
Armour
 b - a +0 scale mail
 c - a +0 buckler
 o - a +0 helmet
 p - a +0 plate armour (worn)
 q - a +0 helmet (worn)
Jewellery
 r - a +2 ring of protection (left claw)
 s - a +3 ring of dexterity (right claw)
Wands
 l - a wand of acid (10)
Scrolls
 j - 5 scrolls of blinking
 k - 2 scrolls of amnesia
 t - 2 scrolls of enchant armour
 u - a scroll of fog
Potions
 d - a potion of might
 e - 5 potions of curing
 f - a potion of resistance
 g - 2 potions of heal wounds
 h - 4 potions of magic
 i - a potion of invisibility


   Skills:
 + Level 10.6 Fighting
 * Level 12.5 Polearms
 + Level 9.7 Armour
 - Level 4.9 Shields
 + Level 11.6 Invocations


You had 8 spell levels left.
You didn't know any spells.
Your spell library was empty.

Dungeon Overview and Level Annotations

Branches:
Dungeon (1/1)

Altars:
Cheibriados
Dithmenos
Elyvilon
Fedhas
Gozag
Hepliaklqana
Kikubaaqudgha
Makhleb
Nemelex Xobeh
Okawaru
Qazlal
Ru
Sif Muna
Trog
Uskayaw
Vehumet
Wu Jian
Xom
Yredelemnul
Zin
The Shining One
Beogh
Jiyva
Lugonu


Innate Abilities, Weirdness & Mutations

You have sharp fingernails.
You are partially covered in rugged brown scales. (AC +1, +3% HP)
A weak demonic guardian rushes to your aid.
You regenerate magic rapidly.


Message History

You take 20 damage, and have 50/81 hp.
MASSIVE DAMAGE!!
You lop one of the seven-headed hydra's heads off!
The flame cauterises the wound!
You slice the six-headed hydra!! You burn the six-headed hydra!
The six-headed hydra is heavily wounded.
The six-headed hydra bites you but does no damage.
The six-headed hydra bites you! The six-headed hydra bites you.
A demonic guardian appears!
The six-headed hydra barely misses you. x2
The six-headed hydra bites you!
* * * LOW HITPOINT WARNING * * *
You take 27 damage, and have 23/81 hp.
MASSIVE DAMAGE!!
You barely miss the six-headed hydra.
The six-headed hydra is heavily wounded.
The blink frog blinks!
The six-headed hydra bites you but does no damage.
The six-headed hydra bites you.
* * * LOW HITPOINT WARNING * * *
The six-headed hydra bites you.
* * * LOW HITPOINT WARNING * * *
The six-headed hydra bites you but does no damage. x2
The six-headed hydra bites you.
* * * LOW HITPOINT WARNING * * *
You hack one of the six-headed hydra's heads off!
The flame cauterises the wound!
You puncture the five-headed hydra! You burn the five-headed hydra.
The five-headed hydra is severely wounded.
The blink frog blinks!
A bullfrog comes into view.
The five-headed hydra bites you.
* * * LOW HITPOINT WARNING * * *
The five-headed hydra bites you but does no damage. x4
You take 15 damage, and have 8/81 hp.
You chop one of the five-headed hydra's heads off!
The flame cauterises the wound!
You puncture the four-headed hydra! You burn the four-headed hydra.
The four-headed hydra is almost dead.
The blink frog blinks!
The four-headed hydra bites you but does no damage. x3
The four-headed hydra bites you!
You die...

▓.▓.▓.▓
▓.▓.▓.▓
▓|▓.▓.▓
▓[▓.▓.▓
▓.▓.▓'▓
▓.▓.▓_▓
▓.▓.▓_▓
▓5▓.▓_▓
▓@▓.▓_▓
▓D▓.▓_▓
▓F▓.▓_▓
▓F▓.▓_▓
▓F▓.▓_▓
▓F▓.▓_▓
▓F▓.▓_▓
▓F▓.▓_▓
▓.▓_▓


You could see a four-headed hydra (ally target), 3 cane toads, 2 blink frogs, a
bullfrog and a friendly iron imp (summoned).

Vanquished Creatures
  2 centaur warriors (D)
  A manticore (D)
  A kobold demonologist (D)
  An efreet (D)
  A troll (D)
  A wyvern (D)
  A wraith (D)
  An ogre (D)
  A kobold brigand (D)
  A howler monkey (D)
  An ufetubus (D)
  An adder skeleton (D)
  An orc (D)
  4 bats (D)
  A bat skeleton (D)
  A bat zombie (D)
  An endoplasm (D)
21 creatures vanquished.

Vanquished Creatures (others)
  An unseen horror (D)
1 creature vanquished.

Grand Total: 22 creatures vanquished

Notes
Turn   | Place    | Note
-------+----------+-------------------------------------------
     0 | D        | tatocazan the Demonspawn Fighter began the quest for the
                  | Orb.
     0 | D        | Reached XP level 1. HP: 18/18 MP: 1/1
     5 | D        | Reached skill level 2 in Polearms
    22 | D        | Noticed an ogre
    33 | D        | Gained mutation: You have sharp fingernails. [demonic
                  | ancestry]
    33 | D        | Reached XP level 2. HP: 24/25 MP: 2/2
    33 | D        | Killed an ogre
    34 | D        | Reached skill level 5 in Fighting
    34 | D        | Reached skill level 4 in Polearms
    34 | D        | Gained mutation: A weak demonic guardian rushes to your
                  | aid. [demonic ancestry]
    34 | D        | Reached XP level 3. HP: 31/33 MP: 3/3
    34 | D        | Reached XP level 4. HP: 37/39 MP: 4/4
   137 | D        | Found a snail-covered altar of Cheibriados.
   137 | D        | Found a shadowy altar of Dithmenos.
   137 | D        | Found a blossoming altar of Fedhas.
   137 | D        | Found an opulent altar of Gozag.
   138 | D        | Found a hazy altar of Hepliaklqana.
   139 | D        | Found a viscous altar of Jiyva.
   140 | D        | Found an ancient bone altar of Kikubaaqudgha.
   141 | D        | Found a corrupted altar of Lugonu.
   142 | D        | Found a burning altar of Makhleb.
   143 | D        | Found a sparkling altar of Nemelex Xobeh.
   144 | D        | Found an iron altar of Okawaru.
   145 | D        | Found a stormy altar of Qazlal.
   146 | D        | Found a sacrificial altar of Ru.
   147 | D        | Found a shimmering blue altar of Sif Muna.
   148 | D        | Found a bloodstained altar of Trog.
   149 | D        | Found a hide-covered altar of Uskayaw.
   150 | D        | Became a worshipper of Makhleb the Destroyer
   151 | D        | Found a radiant altar of Vehumet.
   152 | D        | Found an ornate altar of the Wu Jian Council.
   153 | D        | Found a shimmering altar of Xom.
   154 | D        | Found a basalt altar of Yredelemnul.
   219 | D        | Noticed a wyvern
   219 | D        | Noticed a kobold brigand
   219 | D        | Noticed a kobold demonologist
   219 | D        | Noticed a wraith
   222 | D        | Killed a wyvern
   223 | D        | Reached skill level 6 in Polearms
   223 | D        | Reached skill level 5 in Armour
   223 | D        | Reached XP level 5. HP: 42/47 MP: 4/8
   227 | D        | Gained mutation: You regenerate magic rapidly. [demonic
                  | ancestry]
   227 | D        | Reached XP level 6. HP: 48/53 MP: 4/9
   228 | D        | Noticed an orange demon
   235 | D        | Killed a kobold demonologist
   235 | D        | Reached * piety under Makhleb
   236 | D        | Reached skill level 8 in Polearms
   236 | D        | Reached XP level 7. HP: 28/61 MP: 6/12
   242 | D        | Killed a wraith
   243 | D        | Reached skill level 9 in Polearms
   243 | D        | Reached ** piety under Makhleb
   511 | D        | Noticed a manticore
   511 | D        | Noticed a centaur warrior
   511 | D        | Noticed a troll
   511 | D        | Noticed an efreet
   511 | D        | Noticed a centaur warrior
   520 | D        | Killed a manticore
   521 | D        | Reached skill level 10 in Polearms
   521 | D        | Gained mutation: You are partially covered in rugged brown
                  | scales. (AC +1, +3% HP) [demonic ancestry]
   521 | D        | Reached XP level 8. HP: 27/72 MP: 14/14
   529 | D        | Killed a centaur warrior
   530 | D        | Reached skill level 11 in Polearms
   530 | D        | Reached skill level 10 in Invocations
   535 | D        | Killed a troll
   543 | D        | Killed an efreet
   543 | D        | Reached *** piety under Makhleb
   544 | D        | Reached skill level 10 in Fighting
   544 | D        | Reached XP level 9. HP: 16/80 MP: 15/17
   547 | D        | Killed an unseen horror
   557 | D        | Killed a centaur warrior
   558 | D        | Reached skill level 12 in Polearms
   990 | D        | Noticed an eight-headed hydra
   990 | D        | Noticed a cane toad
   990 | D        | Noticed a cane toad
   990 | D        | Noticed a cane toad
   996 | D        | Slain by a four-headed hydra

Illustrated notes

Levels and vault maps discovered:
D:        linesprint [early_d, line_temple, items_1, d_10, items_2, lair_1,
          lair_end, items_3, orc_1, orc_end, items_4, d_15, swamp_1, shoals_1,
          snake_1, spider_1, d_20, vaults_1, items_5, swamp_end, shoals_end,
          snake_end, spider_end, vaults_end, d_27, items_6, zot_1, zot_end,
          crypt_end, forest_end, elf_end, slime_end, tomb_end, abyss_end,
          pan_hell_end]

Skill      XL: |  1  2  3  4  5  6  7  8  9 |
---------------+----------------------------+-----
Polearms       | 2 4 6 8 10 11 12 | 12.5
Armour         | 3 4 5 6 7 8 9 |  9.7
Shields        | 3 4 |  4.9
Fighting       | 5 6 7 8 10 | 10.6
Invocations    | 4 7 9 10 11 | 11.6

Action                   |  1- 3 |  4- 6 |  7- 9 || total
-------------------------+-------+-------+-------++-------
Melee: Trident           |    22 |     5 |       ||    27
       Halberd           |       |    15 |    49 ||    64
  Use: Potion            |     1 |     1 |     7 ||     9
Armor: Scale mail        |    16 |     1 |       ||    17
       Plate armour      |       |    21 |    59 ||    80
Dodge: Dodged            |    17 |     4 |    19 ||    40
Block: Buckler           |     5 |       |       ||     5

Table legend: (Time is in decaauts)
 A = Elapsed time spent in this place.
 B = Non-inter-level travel time spent in this place.
 C = Inter-level travel time spent in this place.
 D = Time resting spent in this place.
 E = Time spent auto-exploring this place.
 F = Levels seen in this place.
 G = Mean time per level.
                   A        B        C        D        E       F      G
               +--------+--------+--------+--------+--------+-----+--------+
         Total |    993 |    993 |      0 |    647 |    110 |   1 |  993.0 |
       Dungeon |    993 |    993 |      0 |    647 |    110 |   1 |  993.0 |
               +--------+--------+--------+--------+--------+-----+--------+

Top non-repeatable levels by time:
       D: 993 daAuts
